Map: Orbital Shipyard

Players

NikiB

  • Race: Terran Terran
  • League: Diamond

LilDicky - Winner!

  • Race: Terran Terran
  • League: Diamond

VOD

http://www.twitch.tv/tumescentpie

Description

Time

  • Played on: Nov. 26, 2015, 10:35 a.m.
  • Length: 8:58
Show
View Real Time Build Order
Export as new Build Order

NikiB Terran 

Build Orders: 1/1/1, Banshee Rush 

Get SALT Encoding   

  12  0:01  SCV  
  13  0:13  SCV  
  14  0:18  Supply Depot  
  14  0:25  SCV  
  15  0:29  Refinery  
  15  0:40  SCV  
  16  0:45  Barracks  
  16  0:52  SCV  
  17  1:04  SCV  
  18  1:16  SCV  
  19  1:31  Orbital Command  
  19  1:33  Factory  
  19  1:34  Marine  
  19  1:39  Refinery  
  20  1:42  Supply Depot  
  20  1:52  Barracks Reactor  
  20  2:01  SCV  
  21  2:13  SCV  
  22  2:20  Starport  
  22  2:26  SCV  
  22  2:29  Marine x2  
  25  2:36  Supply Depot, Widow Mine  
  27  2:38  SCV  
  27  2:47  Marine x2  
  29  3:00  Starport Tech Lab  
  29  3:01  Supply Depot  
  29  3:05  Widow Mine, Marine x2  
  33  3:22  Cloaking Field, Marine x2  
  35  3:33  Widow Mine  
  37  3:40  Marine x2  
  36  3:58  Marine x2  
  36  3:59  Banshee  
  36  4:02  Widow Mine  
  42  4:16  Marine x2  
  37  4:31  Hellion  
  37  4:34  Marine x2  
  39  4:42  Banshee  
  40  4:51  Marine  
  40  4:52  Hellion, Marine  
  31  5:14  Hellion  
  25  5:22  Command Center  
  14  5:35  Hellion  
  10  5:57  Hellion  
  4  6:28  Banshee  
  7  7:03  Orbital Command  
  4  7:48  Orbital Command  
  4  8:01  Siege Tank  
Show
View Real Time Build Order
Export as new Build Order

LilDicky Terran - Winner!

Build Orders:  

Get SALT Encoding   

  12  0:01  SCV  
  13  0:13  SCV  
  14  0:18  Supply Depot  
  14  0:26  SCV  
  15  0:29  Refinery  
  15  0:40  SCV  
  16  0:45  Barracks  
  16  0:55  SCV  
  17  1:07  SCV  
  18  1:19  SCV  
  19  1:31  SCV  
  21  1:34  Reaper  
  21  1:35  Supply Depot  
  21  1:38  Refinery  
  21  1:42  Barracks x2  
  21  1:46  SCV  
  22  1:58  SCV  
  23  2:06  Reaper  
  24  2:10  Supply Depot  
  24  2:17  Orbital Command  
  24  2:29  Reaper x2  
  26  2:38  Reaper  
  27  2:55  SCV  
  28  3:01  Reaper x2  
  30  3:10  Reaper  
  30  3:20  Supply Depot  
  30  3:31  Supply Depot  
  30  3:33  Reaper x2  
  30  3:42  Reaper  
  30  3:45  SCV  
  31  3:58  Engineering Bay  
  31  4:01  SCV  
  32  4:05  Reaper  
  32  4:06  Reaper  
  32  4:15  Reaper  
  29  4:23  SCV  
  30  4:29  Missile Turret  
  30  4:38  Reaper  
  31  4:39  Command Center  
  26  4:46  SCV  
  26  4:47  Reaper x2, Missile Turret  
  29  4:58  SCV  
  23  5:10  Reaper  
  22  5:19  Reaper x2  
  19  5:42  Reaper  
  14  5:51  Reaper, Marine  
  16  6:03  SCV  
  17  6:08  Marine  
  15  6:14  Marine  
  15  6:23  Marine  
  14  6:34  Marine x2  
  13  6:41  Orbital Command  
  11  6:47  SCV  
  11  7:02  Marine  
  10  7:16  SCV  
  9  7:45  SCV  
  9  7:46  SCV, Marine  
  9  7:47  Marine  
  13  8:05  Marine x3  
  16  8:16  SCV  
  15  8:23  Marine x2  
  16  8:29  Marine  
  17  8:44  SCV x2  
Tags
 
Add a new tag
Caveats
  • Supply blocks, unpowered buildings, or Contaminate may cause inaccurate times.
  • Supply counts are checked every 10 seconds.